 Dungeon Crawl Stone Soup version 0.19.0-9-gfd783f2 (webtiles) character file.

147527 spe3d0 the Tortoise (level 17, -3/112 HPs)
             Began as a Gargoyle Fighter on Nov 8, 2016.
             Was a High Priest of Qazlal.
             Slain by the 27-headed Lernaean hydra (4 damage)
             ... on level 4 of the Swamp.
             The game lasted 01:51:11 (33262 turns).

spe3d0 the Tortoise (Gargoyle Fighter)             Turns: 33262, Time: 01:51:13

Health: -3/112     AC: 35    Str: 22    XL:     17   Next: 47%
Magic:  18/24      EV: 26    Int:  9    God:    Qazlal [*****.]
Gold:   1822       SH: 21    Dex: 19    Spells: 0 memorised, 16 levels left

rFire  + . .     SeeInvis +     n - +8 demon whip (elec)
rCold  + + .     Gourm    .     z - +0 ring mail of Qunan {rN+ MR++ Slay+5}
rNeg   + + +     Faith    +     c - +0 shield
rPois  ∞         Spirit   .     p - +0 helmet
rElec  +         Reflect  .     Y - +2 cloak
rCorr  .         Harm     .     O - +0 pair of gloves
MR     +++..                    J - +1 pair of boots
Stlth  +.........               H - amulet of faith {!P}
                                E - +2 ring of evasion
                                e - ring "Peonozxo" {rC+ rN++ SInv}

@: agile, protected from physical damage, flying, repel missiles
A: big wings, blurry vision 3, cold resistance 1, deterioration 1, fire
resistance 1, negative energy resistance 1, electricity resistance, unbreathing,
petrification resistance, rot immunity, MP-powered wands, AC +12
a: Stop Flying, Upheaval, Elemental Force, Disaster Area, Renounce Religion


You were on level 4 of the Swamp.
You worshipped Qazlal.
Qazlal was extremely pleased with you.
You were not hungry.

You visited 4 branches of the dungeon, and saw 27 of its levels.
You also visited: Volcano.

You collected 2487 gold pieces.
You spent 665 gold pieces at shops.


Innate Abilities, Weirdness & Mutations

You are resistant to torment.
Your stone body is resilient. (AC +12)
You are immune to poison.
Your large and strong wings let you fly indefinitely.
You resist negative energy. (rN+)
You are resistant to electric shocks. (rElec)
You can survive without breathing.
You are immune to petrification.
You are immune to rotting.
Scrolls take you much longer to read.
Your flesh is cold resistant. (rC+)
Your body sometimes deteriorates upon taking damage.
Your flesh is heat resistant. (rF+)
You expend magic power (3 MP) to strengthen your wands.


   Skills:
 * Level 14.4 Fighting
 - Level 12.0 Maces & Flails
 * Level 18.3 Armour
 - Level 10.0 Dodging
 - Level 13.2 Shields
 - Level 10.0 Invocations


You had 16 spell levels left.
You didn't know any spells.

Inventory:

Hand Weapons
 a - a +1 flail
 n - a +8 demon whip of electrocution (weapon)
Missiles
 m - a throwing net {=f}
Armour
 c - a +0 shield (worn)
 p - a +0 helmet (worn)
 z - the +0 ring mail of Qunan (worn) {rN+ MR++ Slay+5}
   (You bought it in a shop on level 8 of the Dungeon)

   It affects your accuracy and damage with ranged weapons and melee attacks
   (+5).
   It protects you from negative energy.
   It affects your resistance to hostile enchantments.
 J - a +1 pair of boots (worn)
 O - a +0 pair of gloves (worn)
 Y - a +2 cloak (worn)
Jewellery
 e - the ring "Peonozxo" (left hand) {rC+ rN++ SInv}
   (You acquired it on level 12 of the Dungeon)

   [ring of protection from cold]

   It protects you from cold.
   It greatly protects you from negative energy.
   It lets you see invisible.
 E - a +2 ring of evasion (right hand)
 H - an amulet of faith (around neck) {!P}
Wands
 b - a wand of digging (8/24)
 o - a wand of acid (4/15)
 s - a wand of lightning (9/15)
 y - a wand of flame (15/48)
 G - a wand of disintegration (17/24)
 I - a wand of lightning (2/15)
 S - a wand of slowing (3/48)
Scrolls
 d - 3 scrolls of magic mapping
 i - a scroll of identify {@r1}
 k - 8 scrolls of remove curse {@r2}
 q - 5 scrolls of amnesia
 r - 3 scrolls of noise {!r}
 w - 2 scrolls of recharging
 x - 3 scrolls of torment {!r}
 F - 5 scrolls of enchant armour
 K - 3 scrolls of fear
 L - a scroll of random uselessness
 N - 2 scrolls of immolation {!r}
 T - 4 scrolls of teleportation {@r4}
 U - 2 scrolls of fog
Potions
 h - 2 potions of flight
 l - 3 potions of resistance
 u - a potion of haste {unknown}
 v - a potion of cancellation
 D - 3 potions of magic
 P - 4 potions of brilliance
Books
 A - a book of Power

   Spells                             Type                      Level
   a - Fulminant Prism                Conjuration/Hexes            4
   b - Iskenderun's Mystic Blast      Conjuration                  4
   c - Venom Bolt                     Conjuration/Poison           5
   d - Bolt of Magma                  Conjuration/Fire/Earth       5
   e - Iron Shot                      Conjuration/Earth            6
   f - Orb of Destruction             Conjuration                  7
   g - Spellforged Servitor           Conjuration/Summoning        7
Miscellaneous
 M - a lamp of fire
Comestibles
 f - 8 bread rations {@e1}
 g - 25 fruits {@e2}
 t - 2 beef jerkies {@e2}
 B - 10 meat rations {@e1}
 R - a royal jelly {@e3}
 Z - 3 slices of pizza {@e2}

Dungeon Overview and Level Annotations

Branches:
Dungeon (15/15)            Temple (0/1) D:5            Lair (6/6) D:10
  Swamp (4/4) Lair:2       Spider (0/4) Lair:3        Slime (0/5) Lair:6
    Orc (2/2) D:10            Elf (0/3) Orc:2        Vaults (0/5) D:13
 Depths (0/5) D:15

Altars:
Ashenzari
Cheibriados
Elyvilon
Kikubaaqudgha
Makhleb
Nemelex Xobeh
Okawaru
Qazlal
Ru
Vehumet
Xom

Shops:
D:7 %}?   D:8 [%   D:11 *   Orc:2 [}?%

Portals:
Pandemonium: Orc:2

Annotations:
Lair:6 exclusion: 3 oklob plants
Swamp:4 Lernaean hydra

≈≈≈≈≈≈.♣≈♣ ♣.≈≈≈≈≈≈...≈≈.≈♣#
♣≈≈≈≈≈≈.≈♣♣ ♣.≈≈≈≈)..≈♣♣≈♣≈.♣#
≈.≈≈≈≈≈≈≈≈♣♣ ♣♣♣..≈≈.♣♣≈♣♣≈≈♣.≈♣
...)≈.≈≈≈≈.♣♣♣♣≈.≈≈≈≈≈.♣♣♣♣≈♣♣♣≈.
≈≈≈≈≈≈≈≈≈≈.♣≈≈≈.≈≈≈≈≈≈≈♣♣≈≈≈≈.≈♣≈
.≈≈≈≈≈≈≈≈≈.♣♣.≈≈≈≈≈Ek≈.♣≈≈≈≈≈..≈♣
..≈≈≈≈≈≈≈≈≈≈♣.≈≈≈≈DEE.≈♣♣§≈≈≈<≈..
§†≈≈≈≈≈≈..≈.♣≈§≈DF§E≈♣♣♣♣≈.≈≈.≈.♣
♣.≈≈≈≈≈..♣♣♣♣♣E.@♣≈.♣♣♣≈≈.≈≈≈≈..≈
♣♣.....≈♣♣ ♣♣.§♣♣♣♣♣♣♣.≈.≈≈≈≈≈♣
♣♣≈≈♣♣♣♣ ♣♣....≈.♣ ♣.≈≈≈≈..♣ ♣♣♣♣
♣♣.≈.≈≈♣♣♣.≈≈≈§§..
♣♣♣♣.♣♣♣.♣♣.≈...≈ ♣≈≈♣..♣♣≈.≈≈≈.
♣♣≈..≈♣♣♣.≈≈≈≈ ♣♣♣≈♣♣ ♣≈.... ♣♣♣
♣♣♣♣♣♣


You could see the 27-headed Lernaean hydra, a five-headed hydra, a spiny frog, a
swamp drake, 2 friendly earth elementals and 3 friendly water elementals.


Message History

The spiny frog is engulfed in freezing vapours.
The five-headed hydra is engulfed in freezing vapours.
The five-headed hydra seems to slow down.
The spiny frog is engulfed in freezing vapours.
The spiny frog seems to slow down.
You block the spiny frog's attack.
Use which ability? (? or * to list) Clouds arounds you coalesce and take form!
The swamp drake bites your water elemental.
The 27-headed Lernaean hydra bites you but does no damage. x2
The 27-headed Lernaean hydra completely misses you.
The 27-headed Lernaean hydra bites you but does no damage.
The 27-headed Lernaean hydra misses you.
You block the 27-headed Lernaean hydra's attack. x2
The 27-headed Lernaean hydra barely misses you.
The 27-headed Lernaean hydra bites you but does no damage.
You block the 27-headed Lernaean hydra's attack.
The 27-headed Lernaean hydra bites you.
* * * LOW HITPOINT WARNING * * *
The 27-headed Lernaean hydra closely misses you.
You block the 27-headed Lernaean hydra's attack.
The 27-headed Lernaean hydra misses you.
The 27-headed Lernaean hydra bites you but does no damage.
The 27-headed Lernaean hydra misses you.
You block the 27-headed Lernaean hydra's attack.
The 27-headed Lernaean hydra bites you but does no damage.
The 27-headed Lernaean hydra bites you.
* * * LOW HITPOINT WARNING * * *
The 27-headed Lernaean hydra bites you but does no damage.
The 27-headed Lernaean hydra bites you.
You die...

Skill      XL: |  1  2  3  4  5  6  7  8  9 10 11 12 13 14 15 16 17 |
---------------+----------------------------------------------------+-----
Shields        | 4 5 6 7 9 10 12 13 | 13.2
Armour         | 4 5 6 7 9 10 12 13 15 17 18 | 18.3
Maces & Flails | 3 4 5 6 8 9 11 12 | 12.0
Invocations    | 5 10 | 10.0
Dodging        | 6 10 | 10.0
Fighting       | 5 10 13 14 | 14.4

Action                   |  1- 3 |  4- 6 |  7- 9 | 10-12 | 13-15 | 16-18 || total
-------------------------+-------+-------+-------+-------+-------+-------++-------
Melee: Flail             |   119 |   213 |   539 |  1168 |  2213 |  1031 ||  5283
       Demon whip        |       |       |       |       |       |   132 ||   132
Invok: Elemental Force   |       |       |       |       |     8 |     9 ||    17
       Disaster Area     |       |       |       |       |     5 |       ||     5
       Upheaval          |       |       |       |       |       |     3 ||     3
Evoke: Wand              |       |       |       |       |     2 |     1 ||     3
       Lamp of fire      |       |       |       |       |     1 |       ||     1
       Box of beasts     |       |       |       |       |       |     1 ||     1
  Use: Potion            |       |     2 |     7 |    14 |     9 |     5 ||    37
       Scroll            |       |     4 |     3 |     1 |    15 |    11 ||    34
 Stab: Invisible         |       |       |       |     3 |       |       ||     3
       Distracted        |       |       |       |     1 |     1 |       ||     2
       Confused          |       |       |       |       |       |     2 ||     2
  Eat: Chunk             |       |     7 |    14 |    12 |    21 |    14 ||    68
       Fruit             |       |       |     1 |       |       |       ||     1
       Pizza             |       |       |     1 |       |       |       ||     1
       Meat ration       |       |       |       |     1 |       |     1 ||     2
       Bread ration      |       |       |       |     1 |     5 |       ||     6
       Beef jerky        |       |       |       |     1 |     3 |     4 ||     8
Armor: Scale mail        |    87 |   102 |   193 |   314 |       |       ||   696
       Skin              |       |       |    10 |    17 |       |       ||    27
       Ring mail         |       |       |       |    67 |   494 |   368 ||   929
Dodge: Dodged            |    39 |    57 |   101 |   224 |   809 |   622 ||  1852
       Deflected         |       |       |       |     9 |    14 |    11 ||    34
Block: Shield            |    70 |   107 |   337 |   976 |  1987 |  1250 ||  4727

Vault maps used:
D:1:      eino_arrival_druids_welcome
D:2:      grunt_qazlal_sundering
D:3:      lemuel_doored_altar, first_bread, uniq_iyjb, uniq_natasha,
          uniq_terence
D:4:      kennysheep_slugbush, chequers_temple_overflow_minitemple,
          nicolae_ru_path_of_blood, uniq_eustachio, uniq_grinder, uniq_edmund
D:5:      kennysheep_mini, cheibrodos_ashenzari_chains
D:7:      amethyst_overflow_temple_binary, serial_shops, kennysheep_mini_moat,
          shop, shop, uniq_menkaure
D:8:      kennysheep_spiral_hall, serial_shops, nicolae_shop_crystal, shop,
          grunt_ogre_cave, uniq_pikel, uniq_erica
D:9:      okawaru_trees_2
D:10:     minmay_lair_entry_lava, orc_david_3
D:11:     serial_shops, nicolae_shop_behind_doors
D:13:     david_vaults_1, basic_altar
D:14:     elyvilon_altar_4, serial_park_tiny_1, minmay_misc_feat_hallway,
          uniq_snorg
D:15:     hangedman_depths_entry_try_elsewhere_first,
          hangedman_decor_diamond_cutter, uniq_agnes
Lair:1:   grunt_megastairs_3, lemuel_fruit_tree, uniq_gastronok
Lair:2:   swamp_mist_pool, enter_volcano_4
Lair:3:   spider_nest_entry_rubble, nicolae_quartered_pool_super,
          disabler_island, infiniplex_staircase_pool, uniq_sonja
Lair:4:   beast_lair_carwin_11, lemuel_fruit_fields, grunt_megastairs_4,
          infiniplex_staircase_pool_2
Lair:5:   minmay_stone_trees_small, beast_lair_carwin_7, serial_bayou_shore_b,
          uniq_nessos
Lair:6:   minmay_lair_end_enchanted_forest, minmay_slime_entry_oklob_open,
          portal_ice_cave_entry_animals_and_master
Swamp:1:  hangedman_swamp_lotus, swamp_pool2
Swamp:2:  nicolae_swamp_fairy_circle
Swamp:3:  evilmike_swamp_ruin_house_3, uniq_mara
Swamp:4:  swamp, swamp_pool4
Orc:1:    uniq_nergalle
Orc:2:    pf_orc_diabolical
Volcano:  kennysheep_volcano_temple

Notes
Turn   | Place    | Note
-------+----------+-------------------------------------------
     0 | D:1      | spe3d0 the Gargoyle Fighter began the quest for the Orb.
     0 | D:1      | Reached XP level 1. HP: 14/14 MP: 1/1
    67 | D:1      | Reached XP level 2. HP: 18/19 MP: 2/2
   380 | D:1      | Reached XP level 3. HP: 17/23 MP: 3/3
   889 | D:2      | Reached skill level 4 in Shields
   968 | D:2      | Reached XP level 4. HP: 27/28 MP: 4/4
  1045 | D:2      | Found a stormy altar of Qazlal.
  1059 | D:2      | Became a worshipper of Qazlal Stormbringer
  1114 | D:2      | Reached skill level 4 in Armour
  1402 | D:3      | Found a radiant altar of Vehumet.
  1429 | D:3      | Noticed Terence
  1448 | D:3      | Killed Terence
  1448 | D:3      | Reached skill level 3 in Maces & Flails
  1663 | D:3      | Noticed Natasha
  1679 | D:3      | Killed Natasha
  1679 | D:3      | Reached XP level 5. HP: 21/32 MP: 5/5
  1871 | D:3      | Noticed an ogre
  1876 | D:3      | Killed an ogre
  1876 | D:3      | Reached skill level 5 in Shields
  2029 | D:3      | Noticed Ijyb
  2036 | D:3      | Killed Ijyb
  2036 | D:3      | Reached XP level 6. HP: 37/37 MP: 6/6
  2229 | D:3      | Noticed Natasha
  2242 | D:3      | Killed Natasha
  2242 | D:3      | Reached skill level 5 in Armour
  2423 | D:4      | Reached skill level 4 in Maces & Flails
  2670 | D:4      | Noticed Grinder
  2807 | D:4      | Noticed a phantom
  2840 | D:4      | Killed a phantom
  2840 | D:4      | Reached * piety under Qazlal
  2840 | D:4      | Reached XP level 7. HP: 31/41 MP: 7/7
  2920 | D:4      | Noticed Eustachio
  2945 | D:4      | Killed Eustachio
  3039 | D:4      | Paralysed by Grinder for 7 turns
  3056 | D:4      | Killed Grinder
  3056 | D:4      | Reached skill level 5 in Maces & Flails
  3056 | D:4      | Reached skill level 6 in Armour
  3056 | D:4      | Reached skill level 6 in Shields
  3118 | D:4      | Noticed Edmund
  3134 | D:4      | Killed Edmund
  3134 | D:4      | Reached XP level 8. HP: 46/46 MP: 8/8
  3177 | D:4      | Found a sacrificial altar of Ru.
  3316 | D:4      | Found a faded altar of an unknown god.
  3316 | D:4      | Found a faded altar of an unknown god.
  3321 | D:4      | Found a faded altar of an unknown god.
  3323 | D:4      | Found a faded altar of an unknown god.
  3333 | D:4      | Found a sparkling altar of Nemelex Xobeh.
  3404 | D:5      | Entered Level 5 of the Dungeon
  3455 | D:5      | Noticed spe3d0's ghost (novice GrFi)
  3483 | D:5      | Killed spe3d0's ghost
  3483 | D:5      | Reached skill level 6 in Maces & Flails
  3483 | D:5      | Reached skill level 7 in Armour
  3483 | D:5      | Reached skill level 7 in Shields
  3496 | D:5      | Found a shattered altar of Ashenzari.
  3572 | D:5      | Found a staircase to the Ecumenical Temple.
  3580 | D:5      | Found a shimmering altar of Xom.
  4162 | D:6      | Reached ** piety under Qazlal
  4252 | D:6      | Reached XP level 9. HP: 51/51 MP: 9/9
  4687 | D:6      | Reached skill level 8 in Shields
  4698 | D:6      | Reached skill level 7 in Maces & Flails
  4903 | D:7      | Reached skill level 8 in Armour
  4907 | D:7      | HP: 3/51 [orc wizard/magic dart (8)]
  5141 | D:7      | Found Gulifewy's Food Shoppe.
  5244 | D:7      | Found Botwaeva's Gadget Shop.
  5356 | D:7      | Found an ancient bone altar of Kikubaaqudgha.
  5356 | D:7      | Found a burning altar of Makhleb.
  5460 | D:7      | Noticed Menkaure
  5472 | D:7      | Killed Menkaure
  5605 | D:7      | Found Tuys's Magic Scroll Shoppe.
  5828 | D:8      | Noticed Erica
  5989 | D:8      | HP: 7/76 [something (7)]
  5995 | D:8      | Killed Erica
  5995 | D:8      | Reached skill level 8 in Maces & Flails
  5995 | D:8      | Reached skill level 9 in Armour
  5995 | D:8      | Reached skill level 9 in Shields
  5995 | D:8      | Reached XP level 10. HP: 13/56 MP: 10/10
  6003 | D:8      | Reached *** piety under Qazlal
  6750 | D:8      | Reached skill level 10 in Armour
  6765 | D:8      | Reached skill level 10 in Shields
  6858 | D:8      | Noticed Pikel
  6877 | D:8      | Killed Pikel
  6877 | D:8      | Reached skill level 9 in Maces & Flails
  7081 | D:8      | Found Ziofriwk's Food Boutique.
  7217 | D:8      | Found Ferisol's Armour Shoppe.
  7486 | D:9      | Reached **** piety under Qazlal
  7810 | D:9      | Reached XP level 11. HP: 23/60 MP: 11/11
  7865 | D:9      | Gained mutation: Your flesh is cold resistant. (rC+) [potion of mutation]
  7865 | D:9      | Gained mutation: Scrolls take you a little longer to read. [potion of mutation]
  7865 | D:9      | Gained mutation: Your flesh is heat resistant. (rF+) [potion of mutation]
  7937 | D:9      | Reached skill level 11 in Shields
  7947 | D:9      | Reached skill level 11 in Armour
  8189 | D:9      | Found an iron altar of Okawaru.
  8343 | D:9      | Reached skill level 10 in Maces & Flails
  8731 | D:10     | Entered Level 10 of the Dungeon
  9162 | D:10     | Reached ***** piety under Qazlal
  9172 | D:10     | Found a staircase to the Orcish Mines.
  9249 | D:10     | Found a staircase to the Lair.
  9363 | D:10     | Noticed a hill giant
  9380 | D:10     | Killed a hill giant
  9395 | D:10     | Noticed a centaur warrior
  9426 | D:10     | Killed a centaur warrior
  9668 | D:10     | Noticed a manticore
  9700 | D:10     | Killed a manticore
  9700 | D:10     | Reached skill level 12 in Armour
 10186 | D:10     | Noticed a hill giant
 10200 | D:10     | Killed a hill giant
 10200 | D:10     | Reached skill level 11 in Maces & Flails
 10200 | D:10     | Reached skill level 12 in Shields
 10352 | D:11     | Noticed a hill giant
 10369 | D:10     | Killed a hill giant
 10504 | D:11     | Reached XP level 12. HP: 56/64 MP: 12/12
 10800 | D:11     | Found Voysy's Assorted Antiques.
 11005 | D:8      | Bought the cursed +0 ring mail of Qunan {rN+ MR++ Slay+5} for 665 gold pieces
 11175 | Lair:1   | Entered Level 1 of the Lair of Beasts
 11205 | Lair:1   | Noticed Gastronok
 11230 | Lair:1   | Killed Gastronok
 11313 | Lair:1   | Reached skill level 13 in Shields
 11323 | Lair:1   | Reached skill level 13 in Armour
 11556 | Lair:1   | Reached skill level 12 in Maces & Flails
 11718 | Lair:1   | Reached skill level 1 in Invocations
 11860 | Lair:1   | Reached skill level 2 in Invocations
 12147 | Lair:2   | Noticed an eight-headed hydra
 12159 | Lair:2   | Killed an eight-headed hydra
 12159 | Lair:2   | Reached skill level 3 in Invocations
 12186 | Lair:2   | Reached skill level 4 in Invocations
 12210 | Lair:2   | Found a dark tunnel.
 12271 | Volcano  | Entered a volcano
 12311 | Volcano  | Reached skill level 5 in Invocations
 12311 | Volcano  | Reached XP level 13. HP: 48/68 MP: 16/16
 12321 | Volcano  | HP: 6/68 [salamander/glaive (1)]
 12733 | Lair:2   | Reached skill level 6 in Invocations
 12771 | Lair:2   | Reached skill level 7 in Invocations
 12912 | Lair:2   | Found a staircase to the Swamp.
 13545 | Lair:3   | Reached ****** piety under Qazlal
 13545 | Lair:3   | Reached skill level 8 in Invocations
 13683 | Lair:3   | Noticed Sonja
 13700 | Lair:3   | Killed Sonja
 13794 | Lair:3   | Found a hole to the Spider Nest.
 13824 | Lair:3   | Reached skill level 9 in Invocations
 14546 | Lair:4   | Reached skill level 10 in Invocations
 14767 | Lair:4   | Reached skill level 1 in Dodging
 15384 | Lair:5   | Reached skill level 2 in Dodging
 15404 | Lair:5   | Reached skill level 3 in Dodging
 15720 | Lair:5   | Reached skill level 4 in Dodging
 15733 | Lair:5   | HP: 4/68 [komodo dragon (16)]
 15772 | Lair:5   | Noticed Nessos
 15799 | Lair:5   | Killed Nessos
 15825 | Lair:5   | Reached skill level 5 in Dodging
 16445 | Lair:5   | Identified the Compendium of Poison and Earth
 16961 | Lair:6   | Entered Level 6 of the Lair of Beasts
 17105 | Lair:6   | Reached skill level 6 in Dodging
 17105 | Lair:6   | Gained mutation: Your large and strong wings let you fly indefinitely. [Gargoyle growth]
 17105 | Lair:6   | Reached XP level 14. HP: 62/74 MP: 21/21
 17382 | Lair:6   | Found a frozen archway.
 17790 | Orc:1    | Entered Level 1 of the Orcish Mines
 18124 | D:10     | Reached skill level 7 in Dodging
 18136 | Orc:1    | Noticed Nergalle
 18152 | Orc:1    | Killed Nergalle
 18247 | Orc:1    | Gained mutation: Scrolls take you longer to read. [a neqoxec]
 18248 | Orc:1    | Gained mutation: You expend magic power (3 MP) to strengthen your wands. [a neqoxec]
 18251 | Orc:1    | Gained mutation: Scrolls take you much longer to read. [a neqoxec]
 18502 | Orc:2    | Entered Level 2 of the Orcish Mines
 18546 | Orc:2    | Found a staircase to the Elven Halls.
 18694 | Orc:2    | Reached skill level 8 in Dodging
 19175 | Orc:2    | Found Yschaitwa's Magic Scroll Emporium.
 19186 | Orc:2    | Found Agick's Food Shoppe.
 19303 | Orc:2    | Reached skill level 9 in Dodging
 20086 | Orc:2    | Reached skill level 10 in Dodging
 20721 | Orc:2    | Gained mutation: Your body sometimes deteriorates upon taking damage. [a neqoxec]
 21192 | Orc:2    | Reached skill level 4 in Fighting
 21429 | Orc:2    | Found Zufruon's Antique Armour Boutique.
 21429 | Orc:2    | Found a one-way gate leading to the halls of Pandemonium.
 21429 | Orc:2    | Found Riroru's Gadget Shop.
 22030 | Lair:6   | Reached skill level 5 in Fighting
 22111 | Lair:6   | Reached XP level 15. HP: 36/84 MP: 22/22
 22199 | Lair:5   | Reached skill level 6 in Fighting
 22199 | Lair:5   | Reached skill level 14 in Armour
 22589 | Lair:6   | Reached skill level 7 in Fighting
 23124 | Lair:6   | Reached skill level 8 in Fighting
 23697 | Lair:6   | Found a staircase to the Slime Pits.
 24129 | D:12     | Got a twisted ring mail
 24133 | D:12     | Identified the +5 ring mail of Too Many Cooks {Int+3 Stlth+} (You found it on level 12 of the Dungeon)
 24145 | D:12     | Identified a scroll of acquirement
 24167 | D:12     | Got a shimmering copper ring
 24169 | D:12     | Identified the ring "Peonozxo" {rC+ rN++ SInv} (You acquired it on level 12 of the Dungeon)
 24195 | D:12     | Noticed Fudges's ghost (journeyman OpTm)
 24210 | D:12     | Reached skill level 15 in Armour
 24229 | D:12     | Killed Fudges's ghost
 24819 | D:12     | Reached skill level 9 in Fighting
 25007 | D:13     | Found a snail-covered altar of Cheibriados.
 25709 | D:12     | Reached skill level 10 in Fighting
 25815 | D:13     | Found a gate to the Vaults.
 26029 | D:14     | Found a white marble altar of Elyvilon.
 26197 | D:13     | Reached XP level 16. HP: 86/98 MP: 23/23
 26330 | D:14     | Noticed Snorg
 26356 | D:14     | Killed Snorg
 26356 | D:14     | Reached skill level 16 in Armour
 27154 | D:15     | Entered Level 15 of the Dungeon
 27207 | D:15     | Reached skill level 11 in Fighting
 27373 | D:15     | Noticed Agnes
 27386 | D:15     | Killed Agnes
 27815 | D:15     | Found a staircase to the Depths.
 28206 | D:15     | Reached skill level 12 in Fighting
 28875 | Swamp:1  | Entered Level 1 of the Swamp
 28899 | Swamp:1  | Reached skill level 17 in Armour
 30667 | Swamp:2  | Reached skill level 13 in Fighting
 30914 | Swamp:2  | Noticed a thorn hunter
 31128 | Swamp:2  | Killed a thorn hunter
 31128 | Swamp:2  | Reached XP level 17. HP: 72/109 MP: 24/24
 31875 | Swamp:3  | Noticed Mara
 31879 | Swamp:3  | Got an ichor-stained plate armour
 31888 | Swamp:3  | Noticed spe3d0's illusion
 31977 | Swamp:3  | Killed Mara
 31977 | Swamp:3  | Reached skill level 18 in Armour
 32329 | Swamp:3  | Identified the +2 plate armour "Eplumin" {rN+} (You found it on level 3 of the Swamp)
 32917 | Swamp:4  | Entered Level 4 of the Swamp
 32931 | Swamp:4  | Reached skill level 14 in Fighting
 33244 | Swamp:4  | Noticed the 27-headed Lernaean hydra
 33258 | Swamp:4  | HP: 6/112 [five-headed hydra (7)]
 33262 | Swamp:4  | HP: 1/112 [the 27-headed Lernaean hydra (4)]
 33262 | Swamp:4  | Slain by the 27-headed Lernaean hydra

Vanquished Creatures
  Mara (Swamp:3)
  Gastronok (Lair:1)
  A thorn hunter (Swamp:2)
  Agnes (D:15)
  Nessos (Lair:5)
  A dire elephant (D:15)
  Snorg (D:14)
  An ettin (Orc:2)
  14 hydras
  The ghost of Fudges the Covert, a journeyman OpTm of Ru (D:12)
  An ice dragon (Lair:6)
  4 alligators
  3 centaur warriors
  Erica (D:8)
  2 ogre magi (D:15)
  A death knight (D:15)
  5 death yaks (Lair:6)
  A tengu warrior (D:14)
  4 orc high priests (Orc:2)
  Sonja (Lair:3)
  Nergalle (Orc:1)
  A fire crab (Lair:5)
  A salamander mystic (Volcano)
  2 unseen horrors
  A spriggan druid (Swamp:3)
  An infernal demonspawn (Orc:2)
  9 swamp dragons
  A shambling mangrove (Swamp:2)
  Pikel (D:8)
  9 hill giants
  A necromancer (D:13)
  5 orc sorcerers
  4 orc knights
  A wolf spider (Lair:3)
  8 ugly things
  9 elephants (Lair:6)
  A deep elf mage (D:13)
  5 manticores
  5 cyclopes
  2 salamanders
  7 black mambas
  A gargoyle (D:9)
  25 spiny frogs
  An orange demon (Orc:2)
  3 centaur skeletons
  A kobold demonologist (D:15)
  8 komodo dragons
  3 freezing wraiths
  5 rime drakes
  The ghost of spe3d0 the Covered, a novice GrFi of Okawaru (D:5)
  A hellwing (Orc:2)
  3 meliai (D:15)
  8 trolls
  7 polar bears
  A wind drake (shapeshifter) (D:15)
  6 two-headed ogres
  8 tyrant leeches
  8 hornets
  3 bog bodies
  Grinder (D:4)
  12 hippogriffs
  5 blink frogs (Lair:6)
  30 slime creatures
  A redback (Lair:6)
  3 shadows
  17 spriggans
  Eustachio (D:4)
  67 yaks
  5 wraiths
  4 wyverns
  A hungry ghost (D:7)
  4 basilisks
  A neqoxec (Orc:2)
  34 vampire mosquitoes
  Menkaure (D:7)
  3 wargs
  Edmund (D:4)
  4 insubstantial wisps (Swamp:2)
  22 swamp worms
  14 water moccasins
  10 porcupines
  12 swamp drakes
  2 hell hounds (D:10)
  32 orc warriors
  9 black bears
  5 ice beasts
  3 sky beasts
  A slave (D:8)
  An eye of draining (D:11)
  2 boggarts (Lair:6)
  5 phantoms
  25 ogres
  18 centaurs
  27 wolves
  16 crocodiles
  4 big kobolds
  15 bullfrogs
  A hornet simulacrum (D:15)
  A wyvern skeleton (D:11)
  5 scorpions
  4 jellies
  4 killer bees (D:9)
  11 wights
  6 electric eels (Lair:3)
  3 howler monkeys
  3 centaur zombies
  A bullfrog zombie (D:9)
  6 crimson imps
  3 hounds
  25 orc priests
  5 bullfrog skeletons
  5 iguanas
  Ijyb (D:3)
  Natasha (twice) (D:3)
  19 worker ants
  15 orc wizards
  Terence (D:3)
  A killer bee zombie (D:10)
  2 hound zombies
  A hound skeleton (D:4)
  A worker ant zombie (D:5)
  6 gnolls
  10 adders
  A howler monkey skeleton (D:4)
  5 shadow imps
  An ooze (D:6)
  2 adder skeletons
  3 adder zombies
  A worm (D:3)
  10 dart slugs
  4 leopard geckos
  75 orcs
  3 bats
  5 giant cockroaches
  6 goblins
  5 hobgoblins
  6 jackals
  27 kobolds
  9 quokkas
  4 frilled lizards
  A quokka skeleton (D:10)
  11 rats
  A briar patch (Swamp:2)
  A butterfly (Lair:4)
  31 fungi
  9 plants
995 creatures vanquished.

Vanquished Creatures (collateral kills)
  A torturous demonspawn (Orc:2)
  An infernal demonspawn (Orc:2)
  2 orc knights (Orc:2)
  3 orc sorcerers (Orc:2)
  A komodo dragon (Lair:5)
  A polar bear (Lair:5)
  A hornet (Swamp:3)
  3 orc priests (Orc:2)
  An orc wizard (Orc:2)
  An orc (Orc:2)
15 creatures vanquished.

Vanquished Creatures (others)
  An elephant (Lair:6)
  3 slaves (D:8)
  2 orc wizards
  An orc (D:8)
  A quokka (D:14)
  4 briar patches (Swamp:2)
  7 fungi
  4 plants
23 creatures vanquished.

Grand Total: 1033 creatures vanquished
